 Dungeon Crawl Stone Soup version 0.29.1-2-gbd0b4ee654 (webtiles) character file.

Game seed: 15094658970321244563

407 qeuew the Ducker (level 6, -2/48 HPs)
             Began as a Merfolk Gladiator on Nov 10, 2022.
             Was an Initiate of Gozag.
             Slain by a black bear (4 damage)
             ... on level 4 of the Dungeon.
             The game lasted 00:04:19 (4172 turns).

qeuew the Ducker (Merfolk Gladiator)                Turns: 4172, Time: 00:04:20

Health: -2/48      AC:  5    Str: 16    XL:     6   Next: 88%
Magic:  6/6        EV: 12    Int:  7    God:    Gozag
Gold:   232        SH:  8    Dex: 16    Spells: 5/5 levels left

rFire   + . .      SeeInvis +   a - +0 trident
rCold   . . .      Faith    .   g - +0 kite shield
rNeg    . . .      Spirit   .   b - +0 leather armour
rPois   .          Reflect  .   c - +1 helmet
rElec   .          Harm     .   (no cloak)
rCorr   .          Rampage  .   (no gloves)
Will    +....                   (no boots)
Stlth   +.........              (no amulet)
HPRegen 0.16/turn               f - ring of Kamaptoe {+Blink rF+ Will+ SInv}
MPRegen 0.10/turn               (no ring)

@: no status effects
A: (nimble swimmer 2), mertail
a: Renounce Religion, Evoke Blink, Potion Petition, Call Merchant, Bribe Branch


You were on level 4 of the Dungeon.
You worshipped Gozag.
Gozag was aware of your devotion.
You visited 2 branches of the dungeon, and saw 5 of its levels.

You collected 282 gold pieces.
You paid 50 gold pieces to Gozag.

Inventory:

Hand Weapons
 a - a +0 trident (weapon)
Missiles
 d - 2 throwing nets (quivered)
 e - a javelin
Armour
 b - a +0 leather armour (worn)
 c - a +1 helmet (worn)
 g - a +0 kite shield (worn)
Jewellery
 f - the ring of Kamaptoe (left hand) {+Blink rF+ Will+ SInv}
   (You found it on level 2 of the Dungeon)

   [ring of see invisible]

   rF:        It protects you from fire.
   SInv:      It lets you see invisible.
   +Blink:    It lets you blink.
   Will:      It increases your willpower.
Scrolls
 i - 2 scrolls of enchant armour
 l - a scroll of noise {unknown}
 m - a scroll of teleportation {unknown}
Potions
 h - 2 potions of curing
 j - a potion of invisibility {unknown}
 k - a potion of might {unknown}


   Skills:
 + Level 3.8 Fighting
 + Level 5.4 Polearms
 + Level 3.3 Throwing
 + Level 1.9 Armour
 + Level 5.5 Dodging
 + Level 1.9 Shields


You had 5 spell levels left.
You didn't know any spells.
Your spell library contained the following spells:

 Spells                   Type           Power      Damage    Failure   Level
 Blink                    Tloc           0%         N/A       96%         2
 Sublimation of Blood     Necr           0%         N/A       96%         2
 Wereblood                Tmut           0%         N/A       96%         2
 Dazzling Flash           Conj/Hex       0%         N/A       99%         3
 Gell's Gravitas          Tloc           0%         N/A       99%         3
 Lesser Beckoning         Tloc           0%         N/A       99%         3
 Teleport Other           Tloc           0%         N/A       99%         3
 Iskenderun's Mystic Bla  Conj/Tloc      0%         2d3       100%        4
 Manifold Assault         Tloc           0%         N/A       100%        5
 Starburst                Conj/Fire      0%         6d3       100%        6
 Storm Form               Tmut/Air       0%         N/A       100%        7
 Summon Hydra             Summ           0%         N/A       100%        7


Dungeon Overview and Level Annotations

Branches:
Dungeon (4/15)             Temple (1/1) D:4

Altars:
Ashenzari
Dithmenos
Elyvilon
Fedhas
Gozag
Hepliaklqana
Kikubaaqudgha
Nemelex Xobeh
Ru
Trog
Uskayaw
Vehumet
Wu Jian
Yredelemnul
The Shining One


Innate Abilities, Weirdness & Mutations

((You are very nimble when in or above water. (Stealth+, EV+, Speed+++)))
Your lower body shifts to a powerful aquatic tail in water.


Message History

You throw a throwing net. The throwing net hits the black bear.
The black bear is caught in the net!
The black bear is moderately wounded.
The black bear struggles against the net.
You catch the helpless black bear completely off-guard!
You puncture the black bear!
The black bear is heavily wounded.
The black bear struggles against the net.
You hit the black bear.
The black bear is severely wounded.
The black bear goes berserk!
The black bear struggles against the net.
You puncture the black bear!
The black bear is almost dead.
The black bear struggles against the net.
The net rips apart, and the black bear comes free!
You hit the black bear but do no damage.
The black bear is almost dead.
The black bear closely misses you. The black bear claws you.
You block the black bear's attack. The black bear misses you.
The black bear claws you. x2
You barely miss the black bear.
The black bear is almost dead.
The black bear bites you.
* * * LOW HITPOINT WARNING * * *
The black bear barely misses you. The black bear claws you.
* * * LOW HITPOINT WARNING * * *
Unknown command.
Throw: 3 throwing nets
Press: ? - help, Q - select action, (/) - cycle Shift-Dir - straight line, f/p - black bear
Aim: a black bear (almost dead, berserk, 69% to hit)
You throw a throwing net.
The throwing net closely misses the black bear.
The black bear bites you!
* * * LOW HITPOINT WARNING * * *
The black bear claws you.
* * * LOW HITPOINT WARNING * * *
The black bear claws you.
You die...
Your body crumbles into a pile of gold.

##...# #...## ##...#
#...## ##...# #...#
#..)#
#####..#################
................@h.....(
########################


You could see a black bear (berserk).

Vanquished Creatures
  A sky beast (D:4)
  A scorpion (D:4)
  2 hounds (D:4)
  3 iguanas
  2 adders
  2 worms
  A dart slug (D:1)
  12 orcs
  5 bats
  2 endoplasms
  4 giant cockroaches
  6 goblins
  4 hobgoblins
  12 jackals
  7 kobolds
  5 quokkas
  10 ball pythons
  A frilled lizard (D:1)
  8 rats
88 creatures vanquished.

Vanquished Creatures (others)
  5 fungi (D:1)
5 creatures vanquished.

Grand Total: 93 creatures vanquished

Notes
Turn   | Place    | Note
-------+----------+-------------------------------------------
     0 | D:1      | qeuew the Merfolk Gladiator began the quest for the Orb.
     0 | D:1      | Reached XP level 1. HP: 16/16 MP: 1/1
    54 | D:1      | Reached XP level 2. HP: 19/23 MP: 2/2
   705 | D:1      | Reached XP level 3. HP: 28/28 MP: 3/3
  1092 | D:2      | Identified the ring of Kamaptoe {+Blink rF+ Will+ SInv}
  1498 | D:2      | Found a faded altar of an unknown god.
  1696 | D:3      | Reached XP level 4. HP: 34/34 MP: 4/4
  1912 | D:3      | Reached skill level 1 in Armour
  2276 | D:3      | Found a sacrificial altar of Ru.
  2286 | D:3      | Found a radiant altar of Vehumet.
  2289 | D:3      | Found an ornate altar of the Wu Jian Council.
  2651 | D:3      | Reached XP level 5. HP: 6/41 MP: 5/5
  2654 | D:3      | Reached skill level 1 in Shields
  2948 | D:4      | Found a staircase to the Ecumenical Temple.
  2957 | D:4      | Reached skill level 5 in Polearms
  2957 | D:4      | Reached skill level 5 in Dodging
  2961 | Temple   | Entered the Ecumenical Temple
  3118 | Temple   | Became a worshipper of Gozag Ym Sagoz the Greedy
  3182 | D:4      | Reached XP level 6. HP: 26/47 MP: 6/6
  4049 | D:4      | Noticed a sky beast
  4077 | D:4      | Killed a sky beast
  4147 | D:4      | Identified the +3 sling "Feluhif" {freeze, rF+ rC+}
  4154 | D:4      | Noticed a black bear
  4172 | D:4      | HP: 2/48 [black bear (2)]
  4172 | D:4      | Slain by a black bear

Illustrated notes

Levels and vault maps discovered:
D:1:      scummos_arrival_checkerplants, layout_loops_ring, serial_glass,
          glass_columns_a, glass_columns_a, glass_columns_b, glass_columns_b,
          glass_columns_a, glass_columns_a, glass_columns_c, glass_columns_c
D:2:      layout_rooms, shapermc_ecumenical_altar_mp_ritualfount
D:3:      layout_loops_ring, minmay_overflow_temple_star_quad,
          serial_park_tiny_pond
D:4:      minmay_spotlight, layout_basic, minmay_temple_entry_wispy,
          serial_curves, eino_curves_01, eino_curves_01, eino_curves_02,
          eino_curves_04
Temple:   bh_familiar_temple

Skill      XL: |  1  2  3  4  5 |
---------------+----------------+-----
Armour         | 1 |  1.9
Fighting       | 3 |  3.8
Shields        | 1 |  1.9
Polearms       | 5 |  5.4
Throwing       | 3 |  3.3
Dodging        | 5 |  5.5

Action                   |  1- 3 |  4- 6 || total
-------------------------+-------+-------++-------
Melee: Trident           |   142 |   187 ||   329
Throw: Throwing net      |       |     2 ||     2
  Use: Potion            |     4 |     1 ||     5
       Scroll            |     2 |       ||     2
 Stab: Sleeping          |     1 |     1 ||     2
       Held in net/web   |       |     1 ||     1
Armor: Leather armour    |    34 |    56 ||    90
Dodge: Dodged            |    89 |   110 ||   199
Block: Kite shield       |       |    94 ||    94
